Map: Dusk Towers

Players

monOxyde

  • Race: Zerg Zerg
  • League: Platinum

Trizztein - Winner!

  • Race: Terran Terran
  • League: Platinum

VOD

Have the link to the VOD?

Description

Time

  • Played on: Jan. 3, 2016, 7:52 p.m.
  • Length: 15:32
Show
View Real Time Build Order
Export as new Build Order

monOxyde Zerg 

Build Orders: Hatch First, Lurkers 

Get SALT Encoding   

  12  0:01  Drone  
  13  0:10  Drone  
  14  0:20  Extractor  
  13  0:23  Drone x2, Extractor  
  16  0:45  Hatchery  
  15  0:57  Spawning Pool  
  14  1:05  Overlord, Extractor  
  14  1:10  Drone  
  14  1:23  Drone  
  14  1:24  Drone  
  16  1:30  Drone  
  17  1:44  Queen  
  17  1:46  Zergling x2  
  20  1:55  Zergling x2  
  20  1:57  Queen  
  20  1:59  Drone  
  24  2:02  Drone  
  25  2:16  Metabolic Boost, Drone  
  25  2:17  Drone  
  27  2:35  Drone  
  28  2:46  Overlord  
  28  3:03  Queen x2  
  28  3:04  Drone x3  
  35  3:06  Overlord  
  35  3:08  Drone  
  36  3:14  Drone, Extractor  
  36  3:15  Extractor  
  36  3:16  Drone  
  38  3:25  Overlord x2  
  38  3:29  Zergling x8  
  42  3:39  Drone x2  
  44  3:54  Drone x3  
  47  3:59  Drone x4  
  51  4:07  Hatchery  
  37  4:33  Drone  
  37  4:34  Drone x4  
  42  4:41  Drone  
  42  4:42  Drone x3  
  42  4:45  Extractor x2  
  44  4:46  Drone  
  44  4:47  Roach Warren  
  39  5:03  Drone x3  
  42  5:12  Drone  
  42  5:13  Drone x2  
  45  5:15  Extractor  
  45  5:19  Drone  
  45  5:22  Lair  
  45  5:24  Drone  
  45  5:25  Drone x2  
  48  5:29  Evolution Chamber  
  48  5:30  Evolution Chamber  
  48  5:34  Spore Crawler  
  42  5:36  Drone x2  
  43  5:45  Drone x2  
  43  5:46  Drone  
  46  5:51  Spore Crawler x2  
  44  6:03  Spore Crawler  
  44  6:06  Spore Crawler  
  43  6:23  Drone x5  
  43  6:24  Drone x4  
  49  6:35  Drone x3  
  49  6:37  Zerg Missile Weapons Level 1, Zerg Ground Armor Level 1  
  49  6:38  Glial Reconstitution  
  52  6:46  Overseer  
  52  6:48  Drone x2  
  52  6:51  Spore Crawler  
  52  6:52  Zergling x2  
  54  6:55  Drone  
  55  7:04  Drone x2  
  57  7:10  Roach x4  
  65  7:48  Drone  
  65  7:49  Infestation Pit  
  65  7:50  Drone x2, Hydralisk Den  
  66  7:52  Overlord x2  
  66  8:02  Hatchery  
  63  8:08  Queen  
  63  8:19  Queen  
  65  8:31  Drone x3  
  65  8:32  Drone x3, Spore Crawler  
  70  8:36  Zerg Missile Weapons Level 2, Muscular Augments  
  70  8:38  Zerg Ground Armor Level 2  
  70  8:44  Queen  
  72  8:58  Hydralisk x5  
  72  9:01  Overlord x3  
  72  9:02  Overlord x2  
  82  9:08  Overlord x2, Extractor  
  82  9:09  Extractor  
  80  9:15  Drone  
  80  9:16  Drone x3  
  84  9:21  Pneumatized Carapace  
  84  9:23  Overseer  
  84  9:25  Roach x3  
  84  9:26  Roach x2  
  84  9:27  Hydralisk  
  84  9:28  Hydralisk x5  
  105  9:45  Drone x3  
  107  10:03  Queen  
  105  10:08  Drone  
  105  10:11  Spire  
  105  10:20  Hydralisk  
  107  10:21  Hydralisk  
  107  10:22  Hydralisk x4  
  107  10:23  Hydralisk x7  
  129  10:44  Spore Crawler  
  129  10:47  Roach x3  
  134  10:50  Overlord x5  
  134  10:54  Spine Crawler  
  132  11:07  Drone x2  
  130  11:15  Roach x10  
  150  11:19  Overseer  
  150  11:22  Lurker Den  
  150  11:26  Drone x2  
  150  11:27  Drone  
  124  11:56  Drone x2  
  124  11:57  Drone  
  127  12:02  Hive  
  127  12:06  Extractor  
  127  12:07  Drone x12  
  138  12:08  Extractor  
  136  12:47  Spire  
  130  13:08  Drone x3  
  130  13:09  Spine Crawler x2  
  131  13:19  Zergling x10  
  136  13:24  Hatchery  
  135  13:30  Lurker x3  
  135  13:31  Lurker x2, Hydralisk x6  
  135  13:32  Hydralisk x6  
  146  13:51  Corruptor  
  146  13:52  Corruptor x5  
  121  14:07  Roach  
  121  14:08  Roach x5  
  95  14:32  Corruptor  
  95  14:33  Corruptor x4  
  95  14:36  Roach x2  
Show
View Real Time Build Order
Export as new Build Order

Trizztein Terran - Winner!

Build Orders: Reaper Expand, Hellion Banshee, Mech 

Get SALT Encoding   

  12  0:01  SCV  
  13  0:13  SCV  
  14  0:18  Supply Depot  
  14  0:25  SCV  
  15  0:40  SCV  
  16  0:43  Barracks  
  16  0:45  Refinery  
  16  0:52  SCV  
  17  1:04  SCV  
  18  1:16  SCV  
  19  1:29  Orbital Command  
  19  1:30  Reaper  
  20  1:41  Command Center  
  20  1:50  Supply Depot  
  20  1:55  SCV  
  21  2:02  Marine  
  21  2:06  Factory  
  22  2:09  SCV  
  23  2:16  Refinery  
  23  2:21  SCV  
  24  2:23  Barracks Reactor  
  24  2:33  SCV  
  25  2:45  SCV  
  26  2:55  Starport  
  26  2:56  Orbital Command  
  26  2:58  SCV  
  27  3:04  Hellion x2  
  31  3:10  SCV  
  32  3:13  Supply Depot  
  32  3:17  Barracks Tech Lab  
  32  3:22  SCV  
  32  3:23  SCV  
  32  3:25  Hellion  
  32  3:26  Hellion  
  38  3:34  SCV  
  38  3:39  SCV  
  39  3:51  Banshee, Cloaking Field  
  39  3:53  SCV x2  
  44  4:00  Supply Depot  
  44  4:03  Hellion, Widow Mine  
  44  4:05  SCV x2  
  50  4:14  Barracks Tech Lab  
  50  4:17  SCV x2  
  50  4:29  SCV  
  50  4:30  SCV  
  50  4:37  Banshee  
  51  4:41  Command Center, SCV  
  51  4:43  SCV  
  53  4:46  Refinery x2  
  53  4:48  Hellion  
  55  4:53  Supply Depot  
  55  4:54  SCV  
  55  4:55  SCV  
  55  4:57  Marauder  
  57  5:03  Hellion  
  57  5:06  SCV  
  60  5:08  SCV  
  61  5:18  SCV  
  61  5:20  Banshee, SCV  
  68  5:21  Hellion  
  68  5:30  Hellion  
  70  5:35  Factory  
  70  5:38  Factory  
  70  5:49  Armory  
  70  5:50  Engineering Bay  
  70  5:51  Armory  
  70  5:52  SCV x2  
  72  6:04  SCV  
  72  6:05  SCV, Orbital Command  
  74  6:15  Starport Reactor  
  74  6:17  SCV x2  
  76  6:19  Hellion x2  
  80  6:29  SCV  
  80  6:31  SCV  
  82  6:33  Siege Tank  
  82  6:38  Supply Depot, Orbital Command  
  82  6:39  Infernal Pre-Igniter  
  85  6:40  Supply Depot  
  85  6:42  Liberator  
  85  6:43  Terran Vehicle And Ship Armor Level 1, Terran Vehicle Weapons Level 1  
  85  6:58  Refinery  
  85  6:59  Widow Mine  
  85  7:00  SCV, Hellion  
  93  7:02  SCV, Siege Tank  
  93  7:08  Siege Tank  
  100  7:09  Refinery  
  100  7:12  SCV  
  101  7:15  Supply Depot  
  101  7:16  Supply Depot  
  101  7:17  Supply Depot, Barracks Reactor  
  101  7:20  SCV, Missile Turret  
  102  7:26  SCV  
  102  7:27  Missile Turret  
  102  7:28  SCV  
  104  7:32  SCV  
  104  7:34  Siege Tank  
  108  7:38  SCV, Hellion x2  
  108  7:40  Siege Tank  
  108  7:41  SCV  
  117  7:45  SCV  
  117  7:47  Sensor Tower, Medivac  
  117  7:50  SCV  
  121  7:53  SCV  
  121  7:57  SCV  
  123  7:58  Widow Mine  
  125  8:06  Siege Tank  
  125  8:07  SCV x2  
  125  8:11  Hellion  
  125  8:12  Supply Depot  
  132  8:13  Supply Depot, Liberator  
  132  8:14  Supply Depot, Hellion  
  132  8:15  Supply Depot  
  131  8:27  Factory  
  131  8:28  Factory  
  131  8:35  Siege Tank  
  131  8:38  Siege Tank  
  137  8:42  Terran Vehicle And Ship Armor Level 2  
  137  8:43  Hellion  
  137  8:44  Hellion  
  137  8:48  Command Center  
  141  8:49  Command Center  
  141  9:05  Supply Depot, Hellion, Terran Vehicle Weapons Level 2  
  141  9:07  Supply Depot, Barracks Tech Lab, Siege Tank  
  146  9:10  Supply Depot, Hellion x2  
  146  9:11  Liberator  
  153  9:31  Siege Tank  
  158  9:38  Hellion  
  158  9:39  Hellion, Siege Tank  
  158  9:41  Missile Turret  
  158  9:43  Missile Turret  
  163  9:53  SCV x2  
  163  9:56  Hellion  
  163  9:57  Hellion x2  
  173  10:00  Supply Depot, Hellion x2  
  173  10:01  Supply Depot  
  173  10:03  Siege Tank  
  175  10:11  Siege Tank  
  175  10:12  Barracks Tech Lab  
  178  10:17  Widow Mine x2  
  178  10:18  Planetary Fortress  
  178  10:19  Liberator x2  
  182  10:29  Hellion, Siege Tank  
  182  10:33  Missile Turret  
  182  10:34  Missile Turret  
  187  10:36  Siege Tank  
  187  10:38  Hellion  
  198  10:43  Hellion  
  194  10:58  Terran Ship Weapons Level 1  
  194  10:59  Barracks  
  194  11:00  Barracks x2  
  194  11:02  Liberator  
  166  11:08  Siege Tank x2  
  166  11:09  Hellion x2  
  162  11:21  Planetary Fortress  
  168  11:33  Refinery  
  168  11:37  Refinery  
  165  11:47  Starport x2  
  165  11:49  Starport  
  159  12:06  Liberator x2  
  159  12:18  Terran Vehicle And Ship Armor Level 3  
  157  12:24  Starport Tech Lab  
  157  12:25  Starport Tech Lab  
  157  12:28  Starport Tech Lab, Fusion Core  
  163  12:30  Ghost Academy, Liberator x2  
  163  12:31  Liberator  
  163  12:34  Barracks Tech Lab x2  
  163  12:35  Barracks Tech Lab  
  163  12:44  Hellion x3  
  178  12:52  Terran Vehicle Weapons Level 3  
  178  12:55  Command Center, Liberator x2  
  178  12:56  Command Center  
  171  13:25  Liberator x2  
  169  13:30  Viking  
  168  13:51  Liberator  
  168  13:55  Viking  
  167  13:59  Command Center  
  167  14:00  Command Center  
  152  14:06  Hellion x6, Siege Tank  
  152  14:08  Viking  
  169  14:25  Viking  
  169  14:27  Hellion, Ghost x3  
  169  14:28  Siege Tank x2, Ghost  
  187  14:33  Banshee  
  190  14:38  Siege Tank  
  193  14:59  Viking x2  
  194  15:00  Viking  
Tags
 
Add a new tag
Caveats
  • Supply blocks, unpowered buildings, or Contaminate may cause inaccurate times.
  • Supply counts are checked every 10 seconds.